 Dungeon Crawl Stone Soup version 0.26-a0-1020-ge47f559bc5 (webtiles) character file.

Game seed: 3716455917778466309

255804 Morbidden the Eclecticist (level 19, -1/192 HPs)
             Began as a Demonspawn Venom Mage on Dec 7, 2020.
             Was the Champion of Cheibriados.
             Slain by Mennas
             ... wielding a +2 sacred scourge of holy wrath
              (3 damage)
             ... on level 3 of the Vaults on Dec 8, 2020.
             The game lasted 01:31:51 (41355 turns).

Morbidden the Eclecticist (Demonspawn Venom Mage)  Turns: 41355, Time: 01:31:52

Health: -1/192     AC: 32    Str: 25    XL:     19   Next: 43%
Magic:  0/38       EV: 32    Int: 52    God:    Cheibriados [******]
Gold:   2469       SH: 16    Dex: 33    Spells: 27/48 levels left

rFire    + + .     SeeInvis .   a - +9 scimitar (flame)
rCold    + + .     Faith    .   I - +2 kite shield
rNeg     + . .     Spirit   +   (armour currently unavailable)
rPois    ∞         Reflect  .   u - +2 hat of Muttered Phrases {Int+8}
rElec    +         Harm     .   y - scarf {rC+ rF+}
rCorr    .         Rampage  .   (gloves currently unavailable)
Will     +....                  (boots unavailable)
Stlth    +++.......             U - amulet of guardian spirit
HPRegen  0.42/turn              V - +6 ring of intelligence
MPRegen  0.26/turn              K - ring of wizardry

@: agile, statue-form, glowing, studying Dodging, silenced, very slow
A: talons 3, thin skeletal structure 2, cold resistance 1, deterioration 2, fire
resistance 1, powered by pain 2, spiny 1
}: 1/15 runes: gossamer
a: End Transformation, Renounce Religion


You were on level 3 of the Vaults.
You worshipped Cheibriados.
Cheibriados was exalted by your worship.
You were a stone statue.
You visited 6 branches of the dungeon, and saw 31 of its levels.
You visited the Abyss 1 time.
You also visited: Ossuary and Volcano.

You collected 4079 gold pieces.
You spent 1610 gold pieces at shops.

Inventory:

Hand Weapons
 a - a +9 scimitar of flaming (weapon)
 h - a +1 demon whip of electrocution
Missiles
 w - 4 throwing nets
 M - 12 curare-tipped darts
Armour
 u - the +2 hat of Muttered Phrases (worn) {Int+8}
   (You acquired it on level 2 of the Vaults)

   It affects your intelligence (+8).
 y - a scarf of resistance (worn)
 z - a +2 pair of gloves (melded)
 G - a +4 troll leather armour (melded)
 I - a +2 kite shield (worn)
Magical Staves
 b - an uncursed staff of poison
Jewellery
 x - an uncursed ring of resist corrosion
 K - a ring of wizardry (right hand)
 N - an uncursed ring of poison resistance
 O - an uncursed ring of protection from fire
 T - an uncursed ring of protection from cold
 U - an amulet of guardian spirit (around neck)
 V - a +6 ring of intelligence (left hand)
Wands
 j - a wand of digging (2)
 A - a wand of acid (3)
 F - a wand of iceblast (36)
 H - a wand of enslavement (8)
 J - a wand of disintegration (4)
 L - a wand of flame (34)
 P - a wand of polymorph (10)
Scrolls
 d - 15 scrolls of teleportation
 n - 16 scrolls of identify
 q - 3 scrolls of magic mapping
 r - 4 scrolls of amnesia
 t - 19 scrolls of remove curse
 C - 5 scrolls of fear
 E - 2 scrolls of fog
 Q - 3 scrolls of summoning
 R - 2 scrolls of silence {unknown}
 S - a scroll of noise
 W - 2 scrolls of enchant weapon
 X - a scroll of enchant armour
 Z - 2 scrolls of blinking
Potions
 c - 3 potions of flight
 e - 4 potions of mutation
 f - 5 potions of attraction
 g - 9 potions of curing
 i - a potion of experience {unknown}
 k - 3 potions of invisibility {unknown}
 l - 6 potions of heal wounds
 m - 5 potions of might
 o - 2 potions of cancellation {unknown}
 p - 9 potions of brilliance
 s - 7 potions of ambrosia
 v - 2 potions of resistance
 D - a potion of lignification {unknown}
Books
 B - a manual of Dodging
Miscellaneous
 Y - a condenser vane (inert)


   Skills:
 * Level 12.8 Fighting
 + Level 10.9 Long Blades
 + Level 0.6 Staves
 + Level 0.2 Throwing
 + Level 4.5 Armour
 * Level 12.5 Dodging
 + Level 6.4 Stealth
 * Level 9.8 Shields
 + Level 0.8 Unarmed Combat
 * Level 15.0 Spellcasting
 * Level 9.1 Conjurations
 + Level 8.9 Transmutations
 + Level 3.1 Fire Magic
 + Level 3.6 Air Magic
 * Level 8.4 Earth Magic
 - Level 10.3 Poison Magic
 - Level 12.5 Invocations
 + Level 2.1 Evocations


You had 27 spell levels left.
You knew the following spells:

 Your Spells              Type           Power        Failure   Level
a - Iron Shot             Conj/Erth      #######...   1%          6
b - Statue Form           Tmut/Erth      #######..    1%          6
c - Olgreb's Toxic Radia  Pois           #######.     1%          4
d - Ignite Poison         Fire/Tmut/Pois #######.     1%          3
e - Poisonous Vapours     Pois/Air       ######       1%          2

Your spell library contained the following spells:

 Spells                   Type           Power        Failure   Level
 Sting                    Tmut/Pois      ####         0%          1
 Animate Skeleton         Necr           #####.       1%          1
 Apportation              Tloc           #####.       1%          1
 Freeze                   Ice            ####         1%          1
 Pain                     Necr           ####         1%          1
 Sandblast                Erth           ######       1%          1
 Summon Small Mammal      Summ           ####         1%          1
 Blink                    Tloc           N/A          1%          2
 Call Imp                 Summ           #####...     1%          2
 Passwall                 Tmut/Erth      #######.     1%          2
 Swiftness                Air            ######..     1%          2
 Call Canine Familiar     Summ           #####...     1%          3
 Frozen Ramparts          Ice            #####.       1%          3
 Gell's Gravitas          Tloc           #####.....   1%          3
 Lesser Beckoning         Tloc           #####.....   1%          3
 Mephitic Cloud           Conj/Pois/Air  #######.     1%          3
 Ozocubu's Armour         Ice            #####...     1%          3
 Stone Arrow              Conj/Erth      ######       1%          3
 Summon Guardian Golem    Hex/Summ       #####...     1%          3
 Teleport Other           Tloc           #####...     1%          3
 Tukima's Dance           Hex            #####...     1%          3
 Vampiric Draining        Necr           #####.....   1%          3
 Hailstorm                Conj/Ice       ######..     1%          4
 Ice Form                 Ice/Tmut       ######..     1%          4
 Summon Lightning Spire   Summ/Air       ######..     1%          4
 Alistair's Intoxication  Tmut/Pois      #######..    1%          5
 Bolt of Magma            Conj/Fire/Erth #######...   1%          5
 Lee's Rapid Deconstruct  Erth           #######...   1%          5
 Animate Dead             Necr           #####.....   3%          4
 Passage of Golubria      Tloc           N/A          3%          4
 Summon Ice Beast         Ice/Summ       #####...     3%          4
 Silence                  Hex/Air        ######....   4%          5
 Conjure Ball Lightning   Conj/Air       #######...   4%          6
 Agony                    Necr           #####...     10%         5
 Metabolic Englaciation   Hex/Ice        #####.....   10%         5
 Freezing Cloud           Conj/Ice/Air   ######....   10%         6
 Invisibility             Hex            #####...     45%         6
 Ozocubu's Refrigeration  Ice            #####.....   45%         6
 Simulacrum               Ice/Necr       #####.....   45%         6
 Shatter                  Erth           #######...   100%        9
 Tornado                  Air            ######....   100%        9


Dungeon Overview and Level Annotations

Branches:
Dungeon (15/15)            Temple (1/1) D:5            Lair (6/6) D:9
  Swamp (0/4) Lair:2       Spider (4/4) Lair:2        Slime (0/5) Lair:5
    Orc (2/2) D:11            Elf (0/3) Orc:2        Vaults (3/5) D:13
  Crypt (0/3) Vaults:2     Depths (0/5) D:15        Ossuary (visited)
Volcano (visited)

Altars:
Ashenzari
Cheibriados
Dithmenos
Elyvilon
Gozag
Kikubaaqudgha
Makhleb
Okawaru
Qazlal
Ru
Sif Muna
Trog
Uskayaw
Vehumet
Wu Jian
Xom
Beogh
Jiyva

Shops:
D:13 ?*!(!   Orc:2 }[[:   Vaults:1 *

Portals:
Hell: Lair:6
Trove: D:10 (give 12 potions of heal wounds)

Annotations:
D:14 exclusion: rakshasa
Lair:5 1 runed translucent door
Lair:6 exclusion: 6 oklob plants
Spider:3 2 transporters, 3 runed translucent doors, exclusion: orange crystal statue, Haagol's ghost, journeyman DsFi
Vaults:3 Mennas


Innate Abilities, Weirdness & Mutations

You have claws for feet.
You have a moderately thin skeletal structure. (Dex +4, Stealth+)
Your flesh is heat resistant. (rF+)
You sometimes gain power by taking damage.
You are partially covered in sharp spines.
Your flesh is cold resistant. (rC+)
Your body often deteriorates upon taking damage.


Message History

* * * LOW HITPOINT WARNING * * *
Mennas hits you but does no damage.
Unknown command.
Mennas blocks your attack.
Your kick misses Mennas.
Mennas is almost dead.
Mennas hits you but does no damage. You block Mennas's attack.
Unknown command.
Unknown command.
Unknown command.
Unknown command.
Okay, then.
Evoke which item? (* to show all) (? for menu, Esc to quit)
Aiming: Corrosive Bolt
Press: ? - help, Shift-Dir - straight line, f/p - Mennas
Aim: Mennas, wielding a +2 sacred scourge of holy wrath and wearing a +0 tower shield (silenced, almost dead, radiating silence, haloed, 57% to evade)
The bolt of acid misses Mennas.
Mennas misses you.
Mennas hits you with a +2 sacred scourge of holy wrath.
* * * LOW HITPOINT WARNING * * *
You convulse.
You die...

#...##''##...#
#....#.[#....#
#............+
#....#..#....#
##'############
#.....# ##...##
##.(.## #.8(..#
##A..## #)).#
.)⌠..# #...##
#...# .....
#...##


You could see Mennas (silencing).

Vanquished Creatures
  Frederick (Vaults:2)
  A profane servitor (Abyss:2)
  Arachne (Spider:3)
  A lich (Vaults:3)
  A tentacled monstrosity (Vaults:1)
  Jorgrun (Spider:1)
  Asterion (Spider:3)
  A sphinx (Vaults:2)
  A tentacled starspawn (Abyss:2)
  Kirke (Lair:4)
  Donald (Spider:1)
  A shadow dragon (Vaults:2)
  2 deep elf sorcerers (Vaults:1)
  A balrug (Abyss:2)
  3 ghost moths (Spider:4)
  2 orc warlords
  10 emperor scorpions
  3 vault wardens (Vaults:1)
  7 ironheart preservers
  2 ghouls
  A very ugly thing (Abyss:2)
  4 stone giants
  2 deep elf demonologists
  5 entropy weavers
  A deep elf annihilator (Vaults:2)
  A dire elephant (Lair:6)
  2 spark wasps (Spider:4)
  3 deep elf death magi
  Snorg (D:11)
  A green death (Abyss:2)
  Fannar (D:12)
  2 yaktaur captains
  A great orb of eyes (Vaults:1)
  An ice dragon (Vaults:2)
  6 vault guards (Vaults:1)
  8 hydras
  A rakshasa (Vaults:2)
  7 boulder beetles
  2 catoblepae
  11 centaur warriors
  18 two-headed ogres
  A dancing weapon (Abyss:2)
  3 ogre magi
  2 vampire magi (Vaults:2)
  6 death yaks (Lair:5)
  A queen ant (D:13)
  A deep troll shaman (Vaults:1)
  Urug (Lair:3)
  3 death knights
  3 orc high priests (Orc:2)
  2 deep elf knights
  2 sun demons (Abyss:2)
  A hell knight (Volcano)
  2 wretched stars (Abyss:2)
  A sixfirhy (Lair:6)
  A spatial maelstrom (Abyss:2)
  A shadow wraith (Abyss:2)
  A skeletal warrior (Vaults:1)
  An unseen horror (D:13)
  2 glowing orange brains
  2 flayed ghosts
  5 deep trolls
  A death drake (Abyss:2)
  3 wizards
  8 ironbrand convokers
  2 necromancers (Vaults:2)
  A sphinx zombie (Vaults:2)
  A harpy (shapeshifter) (Vaults:2)
  5 harpies (Vaults:2)
  A wolf spider zombie (D:13)
  A phantasmal warrior (Vaults:1)
  An orb spider (shapeshifter) (Vaults:1)
  3 deep elf magi
  A mana viper (shapeshifter) (Vaults:1)
  29 wolf spiders
  22 orc knights
  7 cyclopes
  A shining eye (Abyss:2)
  A salamander (shapeshifter) (Vaults:2)
  7 orc sorcerers
  A moth of wrath (Spider:4)
  24 orb spiders
  19 elephants
  A manticore (D:11)
  5 black mambas
  13 ugly things
  A stone giant skeleton (Vaults:2)
  3 vault sentinels
  2 smoke demons (Abyss:2)
  A torpor snail (Lair:6)
  4 gargoyles
  3 orange demons (Lair:6)
  4 centaur skeletons
  16 cane toads
  9 freezing wraiths
  2 efreet
  7 rime drakes
  9 komodo dragons
  A komodo dragon (shapeshifter) (D:15)
  14 yaktaurs
  7 demonic crawlers
  A hellwing (Lair:6)
  A yaktaur (shapeshifter) (D:13)
  3 ice devils (Lair:6)
  2 tengu conjurers (D:13)
  25 jumping spiders
  11 trolls
  A harpy zombie (D:15)
  A polar bear (Lair:1)
  15 hornets
  2 blink frogs (shapeshifter)
  16 blink frogs
  14 slime creatures
  81 redbacks
  6 flying skulls
  A vampire (D:14)
  A shadow (D:12)
  6 wraiths
  28 tarantellas
  A wyvern (shapeshifter) (D:13)
  5 wyverns
  8 basilisks
  39 yaks
  3 hogs (Lair:4)
  A human (shapeshifter) (Vaults:2)
  A neqoxec (Abyss:2)
  A yaktaur simulacrum (Vaults:1)
  9 wargs
  19 water moccasins
  2 acid dragons
  20 soldier ants (D:13)
  3 hell hounds (Lair:6)
  2 sky beasts
  3 small abominations (Abyss:2)
  2 human zombies (Vaults:2)
  An ettin simulacrum (Vaults:2)
  2 ice beasts
  45 orc warriors
  3 black bears
  7 phantoms
  A hornet zombie (D:11)
  A necrophage (D:7)
  13 ogres
  17 wolves
  16 centaurs
  An elf skeleton (Vaults:2)
  A big kobold (D:10)
  20 bullfrogs
  Blork the orc (D:4)
  2 human skeletons (Vaults:2)
  2 gnoll sergeants (D:5)
  A wyvern zombie (D:10)
  A wyvern skeleton (D:13)
  8 scorpions
  A water moccasin skeleton (D:6)
  A troll zombie (D:11)
  14 killer bees
  7 wights
  3 howler monkeys
  2 bullfrog zombies
  7 electric eels
  12 starcursed masses (Abyss:2)
  A quasit (D:12)
  A bullfrog skeleton (D:9)
  5 centaur zombies
  30 orc wizards
  24 orc priests
  8 hounds
  3 jellies
  3 gnoll shamans (D:5)
  An iron imp (Abyss:2)
  Terence (D:3)
  Jessica (D:3)
  4 iguanas
  18 worker ants
  A killer bee zombie (D:6)
  6 ogre zombies
  A big kobold zombie (Ossuary)
  A hound skeleton (D:9)
  7 mummies (Ossuary)
  46 gnolls
  11 adders
  A shadow imp (D:5)
  An ufetubus (D:6)
  3 oozes
  5 adder zombies
  An adder skeleton (D:6)
  A dart slug (D:1)
  5 leopard geckos
  106 orcs
  2 ball pythons
  A giant cockroach (D:3)
  A gnoll zombie (Ossuary)
  4 goblins
  4 hobgoblins
  26 jackals
  3 quokkas
  8 bats
  4 frilled lizards (D:1)
  A goblin skeleton (D:11)
  5 goblin zombies
  A hobgoblin skeleton (D:11)
  6 hobgoblin zombies
  7 kobolds
  2 kobold zombies (Ossuary)
  An orc skeleton (D:11)
  13 orc zombies
  A quokka skeleton (D:7)
  2 quokka zombies (Ossuary)
  6 rats
  7 rat zombies (Ossuary)
1329 creatures vanquished.

Vanquished Creatures (others)
  A human (Lair:4)
  A small abomination (Abyss:2)
  A bush (Lair:6)
  58 fungi
  47 plants
  6 starspawn tentacles (Abyss:2)
114 creatures vanquished.

Grand Total: 1443 creatures vanquished

Notes
Turn   | Place    | Note
-------+----------+-------------------------------------------
     0 | D:1      | Morbidden the Demonspawn Venom Mage began the quest for the
                  | Orb.
     0 | D:1      | Reached XP level 1. HP: 13/13 MP: 3/3
   368 | D:1      | Gained mutation: You have a somewhat thin skeletal
                  | structure. (Dex +2, Stealth) [demonic ancestry]
   368 | D:1      | Reached XP level 2. HP: 20/20 MP: 3/5
   482 | D:1      | Learned a level 2 spell: Poisonous Vapours
   967 | D:2      | Found a bloodstained altar of Trog.
  1020 | D:2      | Reached skill level 1 in Transmutations
  1176 | D:2      | Reached XP level 3. HP: 25/25 MP: 2/6
  1383 | D:3      | Reached skill level 1 in Fighting
  1967 | D:2      | Found an ancient bone altar of Kikubaaqudgha.
  2409 | D:2      | Reached skill level 1 in Shields
  2423 | D:2      | Gained mutation: You have sharp toenails. [demonic
                  | ancestry]
  2423 | D:2      | Reached XP level 4. HP: 27/32 MP: 2/7
  2556 | D:2      | Found a broken altar of Ashenzari.
  2691 | D:3      | Found a snail-covered altar of Cheibriados.
  2691 | D:3      | Found a hide-covered altar of Uskayaw.
  2703 | D:3      | Became a worshipper of Cheibriados the Contemplative
  3000 | D:3      | Reached XP level 5. HP: 31/38 MP: 3/9
  3241 | D:3      | Noticed Terence
  3245 | D:3      | Killed Terence
  3415 | D:3      | Noticed Jessica
  3418 | D:3      | Killed Jessica
  3419 | D:3      | Reached skill level 1 in Invocations
  3532 | D:3      | Reached * piety under Cheibriados
  3574 | D:3      | Noticed a phantom
  3610 | D:4      | Noticed Blork the orc
  3619 | D:4      | Killed Blork the orc
  3620 | D:4      | Reached skill level 3 in Spellcasting
  3620 | D:4      | Reached XP level 6. HP: 37/46 MP: 1/10
  3636 | D:4      | Gained mutation: You have supernaturally acute eyesight.
                  | (SInv) [potion of mutation]
  3636 | D:4      | Gained mutation: Your flesh is cold resistant. (rC+)
                  | [potion of mutation]
  3807 | D:4      | You fall into a shaft and drop 1 floor!
  3807 | D:5      | Entered Level 5 of the Dungeon
  3900 | D:5      | Found a sand-covered staircase.
  3906 | Ossuary  | Entered an ossuary
  4188 | Ossuary  | Reached skill level 1 in Long Blades
  4601 | Ossuary  | Gained mutation: You have razor-sharp toenails. [demonic
                  | ancestry]
  4601 | Ossuary  | Reached XP level 7. HP: 38/51 MP: 12/12
  5128 | Ossuary  | Reached ** piety under Cheibriados
  5426 | D:5      | Learned a level 4 spell: Olgreb's Toxic Radiance
  5536 | D:5      | Reached *** piety under Cheibriados
  5700 | D:5      | Found a staircase to the Ecumenical Temple.
  6046 | D:5      | Reached skill level 5 in Poison Magic
  6070 | D:5      | Reached XP level 8. HP: 44/60 MP: 5/13
  6560 | D:5      | Reached skill level 4 in Spellcasting
  6999 | D:5      | Reached **** piety under Cheibriados
  7638 | D:6      | Reached skill level 1 in Air Magic
  7815 | D:6      | Reached skill level 5 in Spellcasting
  8001 | D:6      | Reached XP level 9. HP: 66/66 MP: 3/16
  8158 | D:6      | Reached ***** piety under Cheibriados
  8383 | Temple   | Entered the Ecumenical Temple
  8860 | D:7      | Learned a level 3 spell: Ignite Poison
  8903 | D:7      | Reached skill level 5 in Fighting
  8964 | D:7      | Reached skill level 5 in Invocations
  9749 | D:7      | Found a shadowy altar of Dithmenos.
 10454 | D:8      | Found an opulent altar of Gozag.
 11017 | D:9      | Noticed an elephant
 11021 | D:9      | Gained mutation: You have claws for feet. [demonic
                  | ancestry]
 11021 | D:9      | Reached XP level 10. HP: 76/76 MP: 10/18
 11032 | D:9      | Killed an elephant
 11033 | D:9      | Reached skill level 6 in Spellcasting
 11164 | D:9      | Found a staircase to the Lair.
 11477 | D:9      | Reached ****** piety under Cheibriados
 12621 | D:10     | Entered Level 10 of the Dungeon
 12917 | D:10     | Found a portal to a secret trove of treasure.
 13772 | D:11     | Found a staircase to the Orcish Mines.
 13796 | D:11     | Noticed a boulder beetle
 13807 | D:11     | Killed a boulder beetle
 13808 | D:11     | Reached skill level 5 in Long Blades
 13808 | D:11     | Reached skill level 1 in Armour
 13808 | D:11     | Reached skill level 7 in Spellcasting
 13845 | D:11     | Gained mutation: You sometimes gain a little power by
                  | taking damage. [demonic ancestry]
 13845 | D:11     | Reached XP level 11. HP: 40/84 MP: 9/21
 14667 | D:11     | Noticed a two-headed ogre
 14674 | D:11     | Killed a two-headed ogre
 14853 | D:11     | Noticed Snorg
 14861 | D:11     | Killed Snorg
 15355 | D:11     | Got a creamy pearl robe
 15356 | D:11     | Identified the +2 robe of Ofymon {rC+ rN+ Dex+3} (You found
                  | it on level 11 of the Dungeon)
 15437 | D:12     | Noticed a red ugly thing
 15449 | D:12     | Killed a red ugly thing
 15548 | D:12     | Reached skill level 8 in Spellcasting
 15618 | D:12     | Noticed Fannar
 15627 | D:12     | Killed Fannar
 15839 | D:12     | Got a twitching lead ring
 15840 | D:12     | Identified the ring of Penaez {*Slow rN+ Int+4 Stlth-} (You
                  | found it on level 12 of the Dungeon)
 16188 | D:13     | Found Rasiypro's Distillery.
 16190 | D:13     | Noticed a purple ugly thing
 16195 | D:13     | Killed a purple ugly thing
 16394 | D:13     | Noticed a boulder beetle
 16408 | D:13     | Killed a boulder beetle
 16409 | D:13     | Reached skill level 1 in Fire Magic
 16576 | D:13     | Noticed an unseen horror
 16584 | D:13     | Killed an unseen horror
 16711 | D:13     | Gained mutation: You have a moderately thin skeletal
                  | structure. (Dex +4, Stealth+) [demonic ancestry]
 16711 | D:13     | Reached XP level 12. HP: 93/93 MP: 14/24
 16839 | D:13     | Found Etonulol's Magic Scroll Boutique.
 16852 | D:13     | Noticed a centaur warrior
 16862 | D:13     | Killed a centaur warrior
 16964 | D:13     | Found Iget's Assorted Antiques.
 17001 | D:13     | Found a hide-covered altar of Uskayaw.
 17145 | D:13     | Reached skill level 9 in Spellcasting
 17202 | D:13     | Found Buul's Distillery.
 17288 | D:13     | Noticed a two-headed ogre
 17295 | D:13     | Reached skill level 10 in Invocations
 17296 | D:13     | Killed a two-headed ogre
 17387 | D:13     | Bought a potion of heal wounds for 65 gold pieces
 17388 | D:13     | Found Hihag's Weapon Shoppe.
 17501 | D:13     | Noticed a centaur warrior
 17508 | D:13     | Killed a centaur warrior
 17509 | D:13     | Reached skill level 1 in Evocations
 17665 | D:13     | Found a gate to the Vaults.
 17665 | D:13     | Noticed an ironheart preserver
 17675 | D:13     | Killed an ironheart preserver
 17676 | D:13     | Reached skill level 5 in Stealth
 17911 | D:13     | Reached skill level 5 in Shields
 17960 | D:13     | Noticed a centaur warrior
 17966 | D:13     | Killed a centaur warrior
 17968 | D:13     | Noticed an entropy weaver
 17974 | D:13     | Noticed a queen ant
 17977 | D:13     | Killed an entropy weaver
 17978 | D:13     | Killed a queen ant
 17982 | D:13     | Noticed an entropy weaver
 18012 | D:13     | Gained mutation: Your flesh is heat resistant. (rF+)
                  | [demonic ancestry]
 18012 | D:13     | Reached XP level 13. HP: 15/101 MP: 8/26
 18164 | D:13     | Killed an entropy weaver
 18466 | D:13     | Reached skill level 10 in Spellcasting
 18816 | D:14     | Reached skill level 5 in Dodging
 18900 | D:14     | Found a stormy altar of Qazlal.
 20121 | D:15     | Entered Level 15 of the Dungeon
 20818 | D:15     | Found a staircase to the Depths.
 21325 | Lair:1   | Entered Level 1 of the Lair of Beasts
 21564 | Lair:1   | Reached XP level 14. HP: 99/108 MP: 28/28
 22407 | Lair:2   | Found a staircase to the Swamp.
 22427 | Lair:2   | Found a dark tunnel.
 22436 | Volcano  | Entered a volcano
 22956 | Lair:2   | Found a hole to the Spider Nest.
 23052 | Lair:2   | Reached skill level 11 in Spellcasting
 23495 | Lair:2   | Identified a scroll of acquirement
 23499 | Lair:2   | Acquired Morbidden's Papyrus of the Rocks
 23509 | Lair:2   | Learned a level 6 spell: Iron Shot
 23794 | Lair:3   | Noticed Urug
 23810 | Lair:3   | Killed Urug
 23900 | Lair:3   | Reached skill level 10 in Fighting
 24583 | Lair:4   | Reached skill level 1 in Conjurations
 24876 | Lair:4   | Noticed Kirke
 24886 | Lair:4   | Killed Kirke
 24887 | Lair:4   | Reached skill level 1 in Earth Magic
 25577 | Lair:5   | Reached skill level 10 in Poison Magic
 25850 | Lair:5   | Gained mutation: You are partially covered in sharp spines.
                  | [demonic ancestry]
 25850 | Lair:5   | Reached XP level 15. HP: 107/117 MP: 13/30
 26236 | Lair:5   | Found a runed translucent door.
 26236 | Lair:5   | Found a viscous altar of Jiyva.
 26237 | Lair:5   | Found a staircase to the Slime Pits.
 26382 | Lair:6   | Entered Level 6 of the Lair of Beasts
 26647 | Lair:6   | Learned a level 6 spell: Statue Form
 26980 | Lair:6   | Reached skill level 5 in Transmutations
 27450 | Lair:6   | Found a burning altar of Makhleb.
 27515 | Lair:6   | Found a gateway to Hell.
 28412 | Orc:1    | Entered Level 1 of the Orcish Mines
 28412 | Orc:1    | Noticed an orc warlord
 28420 | Orc:1    | Killed an orc warlord
 28528 | Orc:1    | Noticed an orc warlord
 28585 | D:11     | Killed an orc warlord
 28929 | Orc:1    | Found a roughly hewn altar of Beogh.
 29126 | Orc:2    | Entered Level 2 of the Orcish Mines
 29189 | Orc:2    | Reached skill level 12 in Spellcasting
 29310 | Orc:2    | Found a staircase to the Elven Halls.
 30019 | Orc:2    | Reached skill level 5 in Conjurations
 30299 | Orc:2    | Found a roughly hewn altar of Beogh.
 30538 | Orc:2    | Found Gocih's Antique Armour Shop.
 30538 | Orc:2    | Found Ponk's Book Shoppe.
 30540 | Orc:2    | Found Raekh's Armour Shoppe.
 30540 | Orc:2    | Found Hiodaus's Gadget Shop.
 30556 | Orc:2    | Bought a manual of Dodging for 1545 gold pieces
 30754 | Spider:1 | Entered Level 1 of the Spider Nest
 30762 | Spider:1 | Reached XP level 16. HP: 66/125 MP: 19/32
 30965 | Spider:1 | Noticed Jorgrun
 30973 | Spider:1 | Killed Jorgrun
 31636 | Spider:1 | Noticed Donald
 31643 | Spider:1 | Killed Donald
 31644 | Spider:1 | Reached skill level 5 in Earth Magic
 32256 | Spider:2 | Reached skill level 13 in Spellcasting
 32844 | Spider:3 | Noticed Arachne
 32844 | Spider:3 | Noticed Asterion
 32853 | Spider:3 | Killed Asterion
 32863 | Spider:3 | Killed Arachne
 33199 | Spider:3 | Paralysed by a hornet for 1 turns
 33204 | Spider:3 | Reached skill level 10 in Dodging
 33275 | Spider:3 | Found a transporter.
 33303 | Spider:3 | Found a transporter.
 33520 | Spider:3 | Found a runed translucent gate.
 33521 | Spider:3 | Found a runed translucent gate.
 33521 | Spider:3 | Noticed Haagol's ghost (journeyman DsFi)
 33522 | Spider:3 | Found a runed translucent gate.
 33551 | Spider:4 | Entered Level 4 of the Spider Nest
 33563 | Spider:4 | Reached XP level 17. HP: 133/133 MP: 20/34
 33913 | Spider:4 | HP: 6/133 [poisoned by a ghost moth]
 33918 | Spider:4 | HP: 5/133 [poisoned by a ghost moth]
 33923 | Spider:4 | HP: 5/133 [poisoned by a ghost moth]
 33929 | Spider:4 | HP: 6/133 [poisoned by a ghost moth]
 35333 | Spider:4 | Got a gossamer rune of Zot
 35734 | Vaults:1 | Entered Level 1 of the Vaults
 35734 | Vaults:1 | Found Xuint's Assorted Antiques.
 35887 | Vaults:1 | Noticed a tentacled monstrosity
 35891 | Vaults:1 | Killed a tentacled monstrosity
 35927 | Vaults:1 | Upgraded the game from 0.26-a0-1012-gedcf9b2963 to
                  | 0.26-a0-1020-ge47f559bc5
 36369 | Vaults:1 | Reached skill level 14 in Spellcasting
 37016 | Vaults:1 | Gained mutation: You sometimes gain power by taking damage.
                  | [demonic ancestry]
 37016 | Vaults:1 | Reached XP level 18. HP: 92/140 MP: 2/36
 37608 | Vaults:1 | Reached skill level 10 in Long Blades
 39297 | Vaults:2 | Found a staircase to the Crypt.
 39471 | Vaults:2 | Acquired the +2 hat of Muttered Phrases {Int+8}
 39579 | Vaults:2 | Noticed Frederick
 39592 | Vaults:2 | Killed Frederick
 39710 | Vaults:2 | Cast into level 2 of the Abyss (a deep elf demonologist)
 40135 | Abyss:2  | Noticed a profane servitor
 40147 | Abyss:2  | Killed a profane servitor
 40150 | Vaults:2 | Escaped the Abyss
 40155 | Vaults:2 | Reached XP level 19. HP: 128/148 MP: 20/37
 41177 | Vaults:3 | Gained mutation: Your body sometimes deteriorates upon
                  | taking damage. [mutagenic glow]
 41184 | Vaults:3 | Reached skill level 15 in Spellcasting
 41190 | Vaults:3 | Gained mutation: Your body often deteriorates upon taking
                  | damage. [mutagenic glow]
 41196 | Vaults:3 | Lost mutation: You have supernaturally acute eyesight.
                  | (SInv) [mutagenic glow]
 41335 | Vaults:3 | Noticed Mennas
 41335 | Vaults:3 | Noticed a lich
 41340 | Vaults:3 | Killed a lich
 41353 | Vaults:3 | HP: 2/192 [Mennas/+2 sacred scourge of holy wrath (11)]
 41355 | Vaults:3 | Slain by Mennas

Illustrated notes

Levels and vault maps discovered:
D:1:      dpeg_arrival_connections, layout_basic
D:2:      layout_basic, lemuel_coloured_pillars_altar, bloody_trog,
          nicolae_overflow_crystal_walls
D:3:      kennysheep_six_static_rooms, layout_rooms,
          chequers_temple_overflow_statue_of_worship, serial_corexii_hall,
          chequers_hall_statues_wall_a, corexii_hall_statues_l, uniq_terence,
          uniq_jessica
D:4:      layout_basic, uniq_eustachio, uniq_blork_the_orc, uniq_robin
D:5:      lemuel_castle_with_subvaults [lemuel_castle_interior_carwin_2],
          layout_loops_ring, minmay_temple_entry_proselytizer,
          nicolae_ossuary_entry_plus
D:6:      layout_cave_pools, minmay_misc_feat_tiny, minmay_microvault
D:7:      layout_basic, grunt_dithmenos_shadows
D:8:      layout_cave_pools, nicolae_gozag_seed_capital, nicolae_two_hexagons
D:9:      layout_basic, david_lair_generic
D:10:     layout_basic, nicolae_trove_entry_columns, skrybe_limestone_x
D:11:     layout_loops_ring, zombieorc1_lemuel, uniq_snorg
D:12:     layout_loops_ring, uniq_fannar
D:13:     layout_loops_ring, skrybe_vaults_entry_preservation, serial_shops,
          nicolae_shop_waterfront, nicolae_shop_waterfront, shop,
          kennysheep_little_box, nicolae_shop_stone, basic_altar,
          zaba_antful_of_joy
D:14:     layout_irregular_city, minmay_holes, grunt_qazlal_sundering
D:15:     grunt_enter_depths_snipers, layout_rooms, minmay_misc_feat_room,
          chequers_serial_rivers_room_a, minmay_door_square, minivault_5
Temple:   eino_temple_rhombus
Lair:1:   layout_regular_city
Lair:2:   layout_regular_city, swamp_mist, spider_nest_entry_rubble,
          nicolae_volcano_entry_hallway, grunt_megastairs_1
Lair:3:   layout_hall_layers, serial_bayou_lake_a, uniq_urug
Lair:4:   layout_misc_corridors, uniq_kirke
Lair:5:   layout_roguey, slime_altar_2
Lair:6:   evil_forest, layout_small_grid, dpeg_oklob_1
Spider:1: spiders_nest_scorpion_pit, uniq_jorgrun, uniq_donald
Spider:2: layout_spider_delve, nicolae_spider_webs_and_nodes,
          spiders_nest_hornet_nest
Spider:3: gammafunk_sealed_arena, gammafunk_ghost_necromancy, uniq_arachne,
          uniq_asterion
Spider:4: grunt_spider_rune_circles, nicolae_spider_webbed_stairs
Orc:1:    layout_diamond_mine, minmay_orc_temple_a
Orc:2:    grunt_orc_tribal_feast, layout_diamond_mine, basic_altar, rock_pile
Vaults:1: nicolae_vaults_three_branches, v_rooms_1, dpeg_vaults_monster_box,
          v_misc_11, v_misc_11, ontoclasm_vaults_twist, vaults_room_fancy_cross,
          vaults_dpeg_hooks, vaults_mumra_bighexcomb, nicolae_vaults_what_the_h,
          grunt_vaults_hallway_short, layout_vaults_maze_bifur, serial_shops,
          shop
Vaults:2: dpeg_vaults_monster_row, v_misc_1, minmay_crypt_entry_simple_statues,
          ontoclasm_vaults_ring_small, vaults_dpeg_cross, v_misc_9,
          vaults_room_pools, ontoclasm_vaults_hangar, special_room_vaults
          [special_room_orc], layout_vaults_omnigrid, serial_glass,
          uniq_frederick
Vaults:3: biasface_vaults_ghost_orc_armoury, ontoclasm_vaults_shout, v_misc_31,
          hangedman_vaults_pinch, hangedman_vaults_maws, v_misc_25,
          nicolae_vaults_network_quincunx
          [nicolae_vaults_network_quincunx_subvault,
          nicolae_vaults_network_quincunx_subvault,
          nicolae_vaults_network_quincunx_subvault,
          nicolae_vaults_network_quincunx_subvault,
          nicolae_vaults_network_quincunx_subvault], v_pattern_3, v_misc_1,
          grunt_vaults_hallway_long, vaults_room_fancy_cross,
          grunt_vaults_focal, layout_vaults_omnibox, uniq_mennas

Skill      XL: |  1  2  3  4  5  6  7  8  9 10 11 12 13 14 15 16 17 18 19 |
---------------+----------------------------------------------------------+-----
Transmutations | 1 2 3 4 5 6 7 8 |  8.9
Fighting       | 1 2 3 4 6 7 8 9 10 11 12 | 12.8
Stealth        | 2 3 4 5 6 |  6.4
Shields        | 1 2 3 4 5 6 8 9 |  9.8
Invocations    | 2 3 4 6 8 9 10 11 12 | 12.5
Spellcasting   | 3 5 7 8 9 10 11 12 13 14 15 | 15.0
Poison Magic   | 4 5 6 7 8 9 10 | 10.3
Long Blades    | 1 2 3 4 5 6 7 8 9 10 | 10.9
Dodging        | 2 3 4 6 7 8 10 11 12 | 12.5
Air Magic      | 1 2 3 |  3.6
Armour         | 1 2 3 4 |  4.5
Fire Magic     | 1 2 3 |  3.1
Evocations     | 1 2 |  2.1
Conjurations   | 2 5 6 7 8 9 |  9.1
Earth Magic    | 2 4 5 6 7 8 |  8.4
Staves         | |  0.6
Throwing       | |  0.2
Unarmed Combat | |  0.8

Action                   |  1- 3 |  4- 6 |  7- 9 | 10-12 | 13-15 | 16-18 | 19-21 || total
-------------------------+-------+-------+-------+-------+-------+-------+-------++-------
Melee: Unarmed           |    35 |     5 |       |       |       |       |       ||    40
       Kick              |       |    40 |   138 |   284 |   468 |   391 |    71 ||  1392
       Long sword        |       |    66 |   265 |   311 |       |       |       ||   642
       Scimitar          |       |       |       |    56 |   641 |   537 |   103 ||  1337
       Staff             |       |       |       |       |       |    33 |       ||    33
Throw: Dart              |       |       |       |       |       |     1 |       ||     1
 Cast: Sting             |    67 |    29 |    23 |     8 |     8 |       |       ||   135
       Poisonous Vapours |     1 |    20 |    75 |    59 |    55 |    29 |       ||   239
       Olgreb's Toxic Ra |       |       |    30 |    44 |   113 |   116 |     2 ||   305
       Ignite Poison     |       |       |     2 |    36 |    51 |    19 |       ||   108
       Statue Form       |       |       |       |       |     5 |    20 |     7 ||    32
       Iron Shot         |       |       |       |       |     2 |    84 |     6 ||    92
Invok: Slouch            |       |       |       |     3 |     1 |     7 |       ||    11
Evoke: Wand              |       |       |       |     8 |     8 |     2 |     2 ||    20
       Condenser vane    |       |       |       |       |       |     1 |     1 ||     2
  Use: Scroll            |       |     6 |     3 |     7 |    20 |    10 |     1 ||    47
       Potion            |       |     4 |       |     3 |     2 |       |     2 ||    11
 Stab: Sleeping          |       |     4 |    13 |    14 |    33 |       |       ||    64
       Distracted        |       |       |     1 |     4 |     3 |     2 |       ||    10
       Confused          |       |       |       |       |       |     2 |     2 ||     4
Armor: Robe              |    18 |    11 |    45 |     5 |       |       |       ||    79
       Troll leather arm |       |       |       |    51 |   131 |    87 |     1 ||   270
       Skin              |       |       |       |       |    32 |   137 |    61 ||   230
Dodge: Dodged            |    55 |    55 |   145 |   249 |   579 |   640 |   151 ||  1874
Block: Buckler           |    27 |    26 |   112 |   193 |   426 |    70 |       ||   854
       Kite shield       |       |       |       |       |       |   532 |   127 ||   659
       Rpst.: Long sword |       |    14 |    39 |    55 |       |       |       ||   108
       Scimitar          |       |       |       |     9 |   135 |    99 |    31 ||   274

Table legend: (Time is in decaauts)
 A = Elapsed time spent in this place.
 B = Non-inter-level travel time spent in this place.
 C = Inter-level travel time spent in this place.
 D = Time resting spent in this place.
 E = Time spent auto-exploring this place.
 F = Levels seen in this place.
 G = Mean time per level.
                   A        B        C        D        E       F      G
               +--------+--------+--------+--------+--------+-----+--------+
         Total |  59124 |  55702 |   3422 |   5194 |  41206 |  34 | 1738.9 |
       Dungeon |  27911 |  26189 |   1722 |   3103 |  19138 |  15 | 1860.7 |
        Temple |     93 |     68 |     25 |      0 |     62 |   1 |   93.0 |
          Lair |  10954 |  10214 |    740 |    482 |   8070 |   6 | 1825.7 |
   Spider Nest |   6662 |   6401 |    261 |    921 |   4390 |   4 | 1665.5 |
  Orcish Mines |   3328 |   3064 |    264 |     10 |   2375 |   2 | 1664.0 |
        Vaults |   7392 |   6985 |    407 |     88 |   5726 |   3 | 2464.0 |
         Abyss |    758 |    758 |      0 |     53 |    345 |   1 |  758.0 |
       Ossuary |   1428 |   1428 |      0 |    536 |    621 |   1 | 1428.0 |
       Volcano |    594 |    594 |      0 |      0 |    477 |   1 |  594.0 |
               +--------+--------+--------+--------+--------+-----+--------+

Top non-repeatable levels by time:
Vaults:2: 3760 daAuts
    D:13: 3339 daAuts
Vaults:1: 3183 daAuts
     D:5: 3121 daAuts
     D:9: 2941 daAuts
    D:11: 2777 daAuts
  Lair:6: 2750 daAuts
Spider:4: 2460 daAuts
    D:14: 2281 daAuts
Spider:1: 2163 daAuts
   Orc:2: 2152 daAuts
     D:7: 2135 daAuts
    D:10: 2010 daAuts
  Lair:1: 1925 daAuts
  Lair:2: 1685 daAuts
